 Dungeon Crawl Stone Soup version 0.17-a0-2109-g117576f (webtiles) character file.

53 tp1 the Conjurer (level 3, 0/19 HPs)
             Began as a Deep Elf Conjurer on Oct 19, 2015.
             Slain by a goblin
             ... wielding a +0 whip
             ... led by Robin
              (2 damage)
             ... on level 2 of the Dungeon.
             The game lasted 00:06:19 (1638 turns).

tp1 the Conjurer (Deep Elf Conjurer)                Turns: 1638, Time: 00:06:19

Health: 0/19       AC:  4    Str:  6    XL:     3   Next: 62%
Magic:  18/25      EV:  7    Int: 19    God:
Gold:   53         SH:  0    Dex: 15    Spells: 1 memorised, 9 levels left

rFire  . . .     SeeInvis .     l - staff of power
rCold  . . .     Clarity  .     f - +0 leather armour
rNeg   . . .     SustAt   .     (no shield)
rPois  .         Gourm    .     j - +0 helmet
rElec  .         Spirit   .     (no cloak)
rCorr  .         Warding  .     (no gloves)
rMut   .         Stasis   .     (no boots)
MR     .....                    (no amulet)
Stlth  ++........               (no ring)
                                (no ring)

@: not resistant to hostile enchantments, unstealthy
A: no striking features
a: no special abilities


You were on level 2 of the Dungeon.
You were not hungry.

You visited 1 branch of the dungeon, and saw 2 of its levels.

You collected 53 gold pieces.

Inventory:

Hand Weapons
 d - a +0 short sword
Armour
 a - a +0 robe
 f - a +0 leather armour (worn)
 j - a +0 helmet (worn)
Magical Staves
 l - an uncursed staff of power (weapon)
Scrolls
 e - a scroll of recharging {unknown}
Potions
 g - a potion of heal wounds {unknown}
 h - a potion of agility {unknown}
 i - a potion of invisibility {unknown}
 m - a potion of might {unknown}
Books
 b - a book of Conjurations

   Spells                             Type                      Level
   a - Magic Dart                     Conjuration                  1
   b - Searing Ray                    Conjuration                  2
   c - Dazzling Spray                 Conjuration/Hexes            3
   d - Fulminant Prism                Conjuration/Hexes            4
   e - Iskenderun's Mystic Blast      Conjuration                  4
   f - Iskenderun's Battlesphere      Conjuration/Charms           5
Comestibles
 c - a bread ration
 k - 7 chunks of flesh


   Skills:
 - Level 3.2 Dodging
 - Level 2.4 Stealth
 + Level 4.1 Spellcasting
 - Level 5.0 Conjurations


You had 9 spell levels left.
You knew the following spells:

 Your Spells              Type           Power        Failure   Level  Hunger
a - Magic Dart            Conj           ###.         2%          1    None


Dungeon Overview and Level Annotations

Branches:
Dungeon (2/15)

Altars:

Annotations:
D:2 Robin


Message History

The goblin closely misses you. Robin throws the goblin at you!
The goblin hits you but does no damage. The goblin barely misses you.
Robin hits you from afar with a spear.
* * * LOW HITPOINT WARNING * * *
The goblin barely misses you.
Robin roars a battlecry!
The goblin goes into a battle-frenzy!
There is an open door here.
Found a stone staircase leading down.
Found an escape hatch in the ceiling.
A bat comes into view.
The bat closely misses you.
Found 3 fruits.
There is an open door here.
The bat closely misses you. The bat hits you but does no damage.
The goblin barely misses you. The bat closely misses you.
There is a stone staircase leading up here.
The bat barely misses you. The goblin hits you with a whip.
You die...

.....#########
#######.g.....#
#............# #....##'####
#............# #.....#.# .
###........# #..g#.#.#
.####........######...#...#
.................รท#...##..#
#.....#.....)....g'g..# ..#
#............)..bg#...# .>.
...#...g..#.....@...### ..#
...#......##.#..'##.#
...#......#.......#.#
..........#...<...#.#
..........#.......#.+
...........%.......##
#......##.#........ #......#
#........# .........


You could see 2 hobgoblins, 2 goblins and a bat.

Vanquished Creatures
  2 oozes
  A worm (D:2)
  3 giant geckos (D:1)
  4 bats
  2 giant cockroaches
  3 hobgoblins (D:2)
  4 kobolds
  A ball python (D:2)
  2 giant newts
  7 goblins
  7 jackals
  3 rats
39 creatures vanquished.

Notes
Turn   | Place    | Note
--------------------------------------------------------------
     0 | D:1      | tp1 the Deep Elf Conjurer began the quest for the Orb.
     0 | D:1      | Reached XP level 1. HP: 10/10 MP: 6/6
    64 | D:1      | Reached XP level 2. HP: 15/15 MP: 0/8
  1211 | D:2      | Reached skill level 5 in Conjurations
  1236 | D:2      | Reached XP level 3. HP: 19/19 MP: 3/9
  1240 | D:2      | Noticed Robin
  1638 | D:2      | Slain by a goblin

Vault maps used:
D:1:      dpeg_arrival_leaves_temple_mockup, serial_forest,
          infiniplex_forest_clump_tiny, infiniplex_forest_clump_medium,
          infiniplex_forest_lined_4_way, infiniplex_forest_zigzag_1,
          infiniplex_forest_zigzag_1, infiniplex_forest_clump_diagonal,
          infiniplex_forest_corner_1, infiniplex_forest_end_1,
          minmay_misc_feat_cross, roderic_roman_lattice
D:2:      first_bread, grunt_ministairs_9, minmay_misc_feat_more_columns,
          uniq_crazy_yiuf_cottage, uniq_terence, uniq_robin

Action                   || total
-------------------------++-------
Melee: Staff             ||     5
       Short sword       ||     2
 Cast: Magic Dart        ||    85
  Eat: Chunk             ||     2
